 Dungeon Crawl Stone Soup version 0.29-a0-668-g12ee2bf84d (webtiles) character file.

Game seed: 10902887730321835000

784 zeratav the Unbeliever (level 8, 0/62 HPs)
             Began as a Formicid Fighter on June 23, 2022.
             Succumbed to a scorpion's poison
             ... in an ossuary.
             The game lasted 00:06:45 (5408 turns).

zeratav the Unbeliever (Formicid Fighter)           Turns: 5408, Time: 00:06:45

Health: 0/62       AC:  8    Str: 23    XL:     8   Next: 11%
Magic:  13/13      EV:  9    Int: 14    God:
Gold:   198        SH:  5    Dex: 13    Spells: 7/7 levels left

rFire   . . .      SeeInvis +   a - +0 war axe {axe}
rCold   . . .      Faith    .   c - +0 buckler
rNeg    . . .      Spirit   .   b - +0 scale mail
rPois   .          Reflect  .   (helmet unavailable)
rElec   .          Harm     .   (no cloak)
rCorr   .          Rampage  .   e - +0 pair of gloves
Will    .....                   (no boots)
Stlth   +.........              (no amulet)
HPRegen 0.20/turn               n - +6 ring of intelligence
MPRegen 0.13/turn               (no ring)

@: lethally poisoned (0 -> -13), flying
A: permanent stasis, dig shafts and tunnels, antennae 3, four strong arms
a: Dig


You were in an ossuary.
You visited 1 branch of the dungeon, and saw 4 of its levels.
You also visited: Ossuary.

You collected 198 gold pieces.


Innate Abilities, Weirdness & Mutations

You cannot be hasted, slowed, berserked, paralysed or teleported.
You can dig through walls and to a lower floor.
You have a pair of large antennae on your head. (SInv)
Your four strong arms can wield two-handed weapons with a shield.


   Skills:
 + Level 5.1 Fighting
 - Level 2.0 Axes
 - Level 3.2 Armour
 - Level 5.0 Stealth
 - Level 4.0 Shields
 + Level 7.6 Invocations


You had 7 spell levels left.
You didn't know any spells.
Your spell library contained the following spells:

 Spells                   Type           Power      Damage    Failure   Level
 Ozocubu's Armour         Ice            0%         N/A       95%         3
 Ozocubu's Refrigeration  Ice            0%         4d5       100%        7

Inventory:

Hand Weapons
 a - a +0 war axe (weapon) {axe}
Armour
 b - a +0 scale mail (worn)
 c - a +0 buckler (worn)
 e - a +0 pair of gloves (worn)
   (You found it on level 3 of the Dungeon)
 x - a +2 pair of gloves
   (You found it on level 4 of the Dungeon)
Jewellery
 n - a +6 ring of intelligence (left hand)
   (You found it on level 1 of the Dungeon)
 q - a ring of fire
   (You found it on level 2 of the Dungeon)
Wands
 t - a wand of flame (29)
   (You found it on level 2 of the Dungeon)
Scrolls
 f - 2 scrolls of blinking {unknown}
 g - a scroll of torment {unknown}
 h - 2 scrolls of fear
 k - 2 scrolls of noise {unknown}
 o - 3 scrolls of identify {unknown}
 p - 3 scrolls of amnesia
 r - a scroll of enchant weapon {unknown}
Potions
 d - 4 potions of might
 i - a potion of haste {unknown}
 j - a potion of brilliance {unknown}
 l - a potion of flight
 m - a potion of lignification {unknown}
 s - 2 potions of berserk rage {unknown}
 u - a potion of attraction {unknown}
 v - a potion of resistance {unknown}
 w - a potion of mutation {unknown}

Dungeon Overview and Level Annotations

Branches:
Dungeon (4/15) Zot: 19188 Ossuary (1/1) Zot: 5260
 Temple: D:4-7

Altars:

##8...8##############
#.......#...#!..# {
#...8...'...#?.?+ {
#...#...#...#M?!#{ {
##########'#######+##
{ #.....#.....#
#.....#.....#
#.....8.....#
#......@....#
{#.....s.....#
###8.....8###
{#...........#
#...........#
#.....8.....#
+.....#.....#
#.....#.....# ######
######


You could see a scorpion.


Message History

You take 3 damage, and now have 55/62 hp.
You barely miss the scorpion.
You completely miss the scorpion zombie.
You hit the kobold zombie.
You destroy the kobold zombie!
You feel very sick.
The scorpion zombie hits you but does no damage.
The scorpion stings you but does no damage.
You block the scorpion zombie's attack.
The scorpion stings you but does no damage.
HP[-5]
You take 5 damage, and now have 50/62 hp.
You closely miss the scorpion. You barely miss the scorpion zombie.
You feel very sick. The scorpion stings you. The scorpion zombie hits you.
HP[-10]
You take 10 damage, and now have 40/62 hp.
You barely miss the scorpion. You hit the scorpion zombie.
You feel sick. You block the scorpion's attack.
The scorpion zombie hits you but does no damage.
The scorpion stings you but does no damage.
The scorpion zombie hits you but does no damage.
HP[-1]
You take 1 damage, and now have 39/62 hp.
You hit the scorpion but do no damage.
You hit the scorpion zombie but do no damage.
You feel sick.
The scorpion stings you but does no damage.
The scorpion zombie closely misses you. The scorpion barely misses you.
HP[-1]
You take 1 damage, and now have 38/62 hp.
You hit the scorpion but do no damage.
You hit the scorpion zombie but do no damage.
You feel sick.
The scorpion zombie hits you but does no damage.
The scorpion stings you but does no damage.
HP[-2]
You take 2 damage, and now have 36/62 hp.
You closely miss the scorpion. You hit the scorpion zombie.
You feel sick. The scorpion stings you. You block the scorpion zombie's attack.
The scorpion barely misses you.
The scorpion zombie hits you but does no damage.
HP[-2]
You take 2 damage, and now have 34/62 hp.
You barely miss the scorpion. You slash the scorpion zombie!
You feel sick.
You are no longer poisoned.
The scorpion stings you but does no damage.
The scorpion zombie barely misses you. You block the scorpion's attack.
You completely miss the scorpion. You slash the scorpion zombie!
You destroy the scorpion zombie!
The scorpion stings you. You block the scorpion's attack.
HP[-1]
You take 1 damage, and now have 33/62 hp.
You barely miss the scorpion.
The scorpion stings you but does no damage.
You hit the scorpion but do no damage. The scorpion stings you.
You are poisoned.
The scorpion poisons you!
The scorpion stings you but does no damage.
HP[-1]
You take 1 damage, and now have 32/62 hp.
You hit the scorpion.
You feel very sick. The scorpion stings you.
* * * LOW HITPOINT WARNING * * *
The scorpion stings you but does no damage.
HP[-5]
You take 5 damage, and now have 27/62 hp.
You hit the scorpion.
You feel very sick. You block the scorpion's attack.
HP[-3]
You take 3 damage, and now have 24/62 hp.
You barely miss the scorpion.
You feel sick. You block the scorpion's attack. The scorpion stings you.
* * * LOW HITPOINT WARNING * * *
You are more poisoned.
The scorpion poisons you!
HP[-4]
You take 4 damage, and now have 20/62 hp.
You hit the scorpion.
You feel very sick. You block the scorpion's attack. The scorpion stings you.
* * * LOW HITPOINT WARNING * * *
You are lethally poisoned!
The scorpion poisons you!
HP[-7]
You take 7 damage, and now have 13/62 hp.
You barely miss the scorpion.
* * * LOW HITPOINT WARNING * * *
You feel very sick. The scorpion stings you.
* * * LOW HITPOINT WARNING * * *
The scorpion stings you but does no damage.
HP[-10]
You take 10 damage, and now have 3/62 hp.
It was a potion of flight.
You feel very buoyant.
You fly up into the air.
You die...

Skill      XL: |  1  2  3  4  5  6  7 |
---------------+----------------------+-----
Stealth        | 2 3 4 5 |  5.0
Invocations    | 1 2 3 4 6 7 |  7.6
Fighting       | 5 |  5.1
Axes           | |  2.0
Armour         | |  3.2
Shields        | |  4.0

Action                   |  1- 3 |  4- 6 |  7- 9 || total
-------------------------+-------+-------+-------++-------
Melee: War axe           |    88 |   120 |   115 ||   323
  Use: Scroll            |       |     3 |       ||     3
       Potion            |       |       |     1 ||     1
 Stab: Sleeping          |       |     1 |       ||     1
Armor: Scale mail        |    31 |    57 |    89 ||   177
Dodge: Dodged            |    38 |    65 |    63 ||   166
Block: Buckler           |    17 |    34 |    33 ||    84

Levels and vault maps discovered:
D:1:      matt_arrival_diagonals, layout_basic, ebering_ecumenical_altar_hall,
          serial_bayou_pond_c, kennysheep_nondescript, minmay_small_reverse_x
D:2:      layout_basic, nrook_loot_triangle, uniq_natasha
D:3:      layout_basic
D:4:      cheibrodos_greedy_goblins, layout_loops_ring,
          minmay_temple_entry_statues_pillars, enter_ossuary_5,
          kennysheep_generic_room_10
Ossuary:  ossuary_minmay_scorpions

Notes
Turn   | Place    | Note
-------+----------+-------------------------------------------
     0 | D:1      | zeratav the Formicid Fighter began the quest for the Orb.
     0 | D:1      | Reached XP level 1. HP: 18/18 MP: 1/1
     0 | D:1      | magus.rc [v1.9.6]
    24 | D:1      | Reached skill level 1 in Stealth
    88 | D:1      | Reached skill level 2 in Stealth
    88 | D:1      | Reached XP level 2. HP: 24/24 MP: 2/2
   523 | D:1      | Found a faded altar of an unknown god.
   542 | D:1      | Reached skill level 1 in Invocations
   543 | D:1      | Reached XP level 3. HP: 27/29 MP: 3/3
   641 | D:1      | Reached skill level 3 in Stealth
   948 | D:1      | You add the spells Ozocubu's Armour and Ozocubu's
                  | Refrigeration to your library.
  1354 | D:2      | Reached skill level 2 in Invocations
  1518 | D:2      | Reached XP level 4. HP: 35/35 MP: 5/5
  2002 | D:2      | Noticed Natasha
  2015 | D:2      | HP: 8/35 [Natasha (5)]
  2019 | D:2      | HP: 2/35 [Natasha (2)]
  2020 | D:2      | Killed Natasha
  2021 | D:2      | Reached skill level 4 in Stealth
  2132 | D:2      | Noticed Natasha
  2135 | D:2      | HP: 6/35 [Natasha/magic dart (9)]
  2412 | D:2      | Killed Natasha
  2413 | D:2      | Reached skill level 3 in Invocations
  2413 | D:2      | Reached XP level 5. HP: 41/41 MP: 7/7
  2596 | D:2      | Noticed Natasha
  2604 | D:2      | Killed Natasha
  3056 | D:3      | Reached skill level 5 in Stealth
  3250 | D:3      | Reached skill level 4 in Invocations
  3250 | D:3      | Reached XP level 6. HP: 17/47 MP: 7/9
  3483 | D:3      | Reached skill level 5 in Invocations
  4098 | D:4      | Noticed a black bear
  4109 | D:4      | Killed a black bear
  4110 | D:4      | Reached skill level 6 in Invocations
  4110 | D:4      | Reached XP level 7. HP: 28/52 MP: 11/11
  4119 | D:4      | HP: 11/52 [hound (3)]
  4661 | D:4      | Reached skill level 4 in Fighting
  4687 | D:4      | Found a sand-covered staircase.
  4692 | Ossuary  | Entered an ossuary
  4834 | Ossuary  | Reached skill level 7 in Invocations
  5292 | Ossuary  | Reached skill level 5 in Fighting
  5292 | Ossuary  | Reached XP level 8. HP: 56/62 MP: 13/13
  5406 | Ossuary  | HP: 13/62 [scorpion (3)]
  5407 | Ossuary  | HP: 3/62 [scorpion (4)]
  5408 | Ossuary  | Succumbed to a scorpion's poison

Vanquished Creatures
  A black bear (D:4)
  3 scorpions (Ossuary)
  2 human zombies (Ossuary)
  2 orc priests
  2 hounds (D:4)
  Natasha (thrice) (D:2)
  2 orc wizards (D:3)
  2 scorpion zombies (Ossuary)
  6 adders
  A worm (D:2)
  5 dart slugs
  14 orcs
  8 bats
  9 endoplasms
  2 giant cockroaches (D:1)
  3 hobgoblins
  2 jackals (D:1)
  3 quokkas
  9 ball pythons
  5 frilled lizards
  A gnoll zombie (Ossuary)
  7 goblins
  A hobgoblin zombie (Ossuary)
  3 kobolds
  A kobold zombie (Ossuary)
  2 orc zombies (Ossuary)
  8 rats
107 creatures vanquished.

Table legend:
 A = Non-vault XP
 B = Vault XP
 C = Vault XP percentage of total XP
 D = Non-vault monster count
 E = Vault monster count
 F = Vault count percentage of total count
                 A         B        C        D         E       F
            +---------+---------+-------+---------+---------+-------
      Total |     664 |     457 |  40.8 |      90 |      17 |  15.9
            +---------+---------+-------+---------+---------+-------
        D:1 |      46 |       7 |  13.2 |      28 |       4 |  12.5
        D:2 |     130 |      35 |  21.2 |      24 |       1 |   4.0
        D:3 |     192 |       0 |   0.0 |      19 |       0 |   0.0
        D:4 |     296 |       0 |   0.0 |      19 |       0 |   0.0
    Ossuary |       0 |     415 | 100.0 |       0 |      12 | 100.0
            +---------+---------+-------+---------+---------+-------

Illustrated notes

Table legend:
 A = Kills in this place as a percentage of kills in entire the game.
 B = Kills by you in this place as a percentage of kills by you in the entire game.
 C = Kills by friends in this place as a percentage of kills by friends in the entire game.
 D = Other kills in this place as a percentage of other kills in the entire game.
 E = Experience gained in this place as a percentage of experience gained in the entire game.
 F = Experience gained in this place divided by the number of levels of this place that you have seen.
                   A       B       C       D       E      F
               +-------+-------+-------+-------+-------+----------------------
         Total | 100.0 | 100.0 |   N/A |   N/A | 100.0 | 224.2
       Dungeon |  88.8 |  88.8 |   N/A |   N/A |  63.0 | 176.5
       Ossuary |  11.2 |  11.2 |   N/A |   N/A |  37.0 | 415.0
               +-------+-------+-------+-------+-------+----------------------

Table legend: (Time is in decaauts)
 A = Elapsed time spent in this place.
 B = Non-inter-level travel time spent in this place.
 C = Inter-level travel time spent in this place.
 D = Time resting spent in this place.
 E = Time spent auto-exploring this place.
 F = Levels seen in this place.
 G = Mean time per level.
                   A        B        C        D        E       F      G
               +--------+--------+--------+--------+--------+-----+--------+
         Total |   5550 |   5401 |    149 |   1939 |   2550 |   5 | 1110.0 |
       Dungeon |   4811 |   4662 |    149 |   1336 |   2548 |   4 | 1202.8 |
       Ossuary |    739 |    739 |      0 |    603 |      2 |   1 |  739.0 |
               +--------+--------+--------+--------+--------+-----+--------+

Top non-repeatable levels by time:
     D:2: 1615 daAuts
     D:1: 1447 daAuts
     D:3: 1387 daAuts
 Ossuary: 739 daAuts
     D:4: 361 daAuts
